 Dungeon Crawl Stone Soup version 0.31-a0-1620-gcbf77bbcfc (webtiles) character file.

Game seed: 17937049907058347011

620 Dirtsage the Changeling (level 7, -3/69 HPs)
             Began as an Octopode Shapeshifter on Jan 11, 2024.
             Slain by an ice beast (6 damage)
             ... on level 5 of the Dungeon.
             The game lasted 00:04:21 (3869 turns).

Dirtsage the Changeling (Octopode Shapeshifter)     Turns: 3869, Time: 00:04:22

Health: -3/69      AC: 23    Str: 13    XL:     7   Next: 46%
Magic:  7/7        EV:  2    Int: 13    God:
Gold:   184        SH:  0    Dex: 13    Spells: 6/6 levels left

rFire   . .          .
                       - Unarmed
rCold   . . .        (no shield)
rNeg    . . .        (helmet currently unavailable)
rPois   +            (no amulet)
rElec   .            (no ring)
rCorr   .            (no ring)
SInv    .            (no ring)
Will    .....        (no ring)
Stlth   +            (no ring)
HPRegen 0.31/turn    (no ring)
MPRegen 0.10/turn    (no ring)
                     (no ring)

%: no passive effects
@: tree-form
A: stationary, stasis, torment immunity, boosted hp, almost no armour,
(amphibious), 8 rings, (camouflage 1), (gelatinous body 1), (nimble swimmer 1),
(tentacles)
a: no special abilities


You were on level 5 of the Dungeon.
You were a tree.
You visited 1 branch of the dungeon, and saw 5 of its levels.

You collected 184 gold pieces.

Inventory:

Magical Staves
 i - a staff of earth
Talismans
 b - a beast talisman
 c - a flux talisman
Scrolls
 e - a scroll of fog {unknown}
 f - 2 scrolls of teleportation {unknown}
 g - a scroll of revelation {unknown}
 h - 6 scrolls of identify {unknown}
 j - a scroll of noise {unknown}
 k - a scroll of blinking {unknown}
Potions
 a - a potion of lignification
 d - a potion of heal wounds {unknown}
 l - a potion of ambrosia {unknown}


   Skills:
 + Level 3.5 Fighting
 + Level 3.9 Dodging
 + Level 4.5 Unarmed Combat
 * Level 5.3 Shapeshifting


You had 6 spell levels left.
You didn't know any spells.
Your spell library contained the following spells:

 Spells                   Type           Power      Damage    Failure   Level
 Static Discharge         Conj/Air       0%         3-3/arc   43%         2
 Hailstorm                Conj/Ice       0%         3d5       67%         3
 Summon Ice Beast         Ice/Summ       0%         N/A       67%         3
 Airstrike                Air            0%         2d(0-16)  97%         4
 Summon Lightning Spire   Summ/Air       0%         N/A       97%         4
 Sculpt Simulacrum        Ice/Alch       0%         N/A       100%        6


Dungeon Overview and Level Annotations

Branches:
Dungeon (5/15)
 Temple: D:4-7

Altars:
Fedhas
Nemelex Xobeh
Sif Muna
Yredelemnul

Annotations:
D:3 1 transporter, Flugslaktarn's ghost, amateur MiFi
D:4 1 runed translucent door, Crazy Yiuf
D:5 3 runed translucent doors, Gonzollydolly's ghost, amateur KoNe


Innate Abilities, Weirdness & Mutations

You are a tree.
Your roots penetrate the ground, keeping you stationary.
You cannot be teleported.
You are immune to unholy pain and torment.
Your maximum health is greatly increased.
You cannot wear most types of armour.
((You are amphibious.))
You can wear up to eight rings at the same time.
((Your skin changes colour to match your surroundings (Stealth+).))
((Your rubbery body absorbs attacks. (AC +1, EV +1)))
((You are camouflaged when in or above water. (Stealth+)))
((You have tentacles for arms and can constrict up to eight enemies at once.))


Message History

There are monsters nearby!
No reachable target in view!
No reachable target in view!
No reachable target in view!
An ice beast comes into view.
Found a basalt altar of Yredelemnul.
The ice beast misses you.
You tentacle-slap the ice beast.
The ice beast is lightly wounded.
The ice beast hits you. The ice beast freezes you!
You take 14 damage, and have 32/46 hp.
MASSIVE DAMAGE!!
You tentacle-slap the ice beast.
The ice beast is moderately wounded.
The ice beast hits you. The ice beast freezes you.
You take 9 damage, and have 23/46 hp.
You barely miss the ice beast.
The ice beast is moderately wounded.
The ice beast hits you. The ice beast freezes you.
You take 8 damage, and have 15/46 hp.
You closely miss the ice beast.
The ice beast is moderately wounded.
The ice beast closely misses you.
You tentacle-slap the ice beast.
The ice beast is heavily wounded.
The ice beast hits you but does no damage.
You closely miss the ice beast. Your squeeze misses the ice beast.
The ice beast is heavily wounded.
The ice beast hits you. The ice beast freezes you!
* * * LOW HITPOINT WARNING * * *
You take 13 damage, and have 3/46 hp.
MASSIVE DAMAGE!!
You closely miss the ice beast.
The ice beast is heavily wounded.
The ice beast barely misses you.
You tentacle-slap the ice beast.
The ice beast is heavily wounded.
Your transformation has ended.
You turn into a tree.
Your roots penetrate the ground.
The ice beast hits you.
* * * LOW HITPOINT WARNING * * *
The ice beast freezes you.
You die...

### #### ..# ...##
#.# ._..#
#.####...###
########.##Z......#
#........##Z#+++#.#
#.######.##Y#...#.#
#. ##.'.♣#W![#..
#.#####.###########
#.#.>>.## #.#.###.#
#...)# #.# ###..#
.# #..# ...# #..#
##.# #..# #.#


You could see an ice beast, Gonzollydolly's ghost, a hound zombie and a bullfrog
zombie.

Vanquished Creatures
  2 black bears
  An ogre (D:5)
  A bombardier beetle (D:3)
  A hound (D:5)
  2 orc priests
  A sleepcap (D:4)
  Jessica (D:3)
  8 adders
  2 dart slugs
  A ribbon worm (D:4)
  7 orcs
  3 bats
  12 endoplasms
  4 giant cockroaches
  4 goblins
  8 hobgoblins
  12 jackals
  3 quokkas
  5 ball pythons
  3 frilled lizards
  6 kobolds
  3 rats
90 creatures vanquished.

Notes
Turn   | Place    | Note
-------+----------+-------------------------------------------
     0 | D:1      | Dirtsage the Octopode Shapeshifter began the quest for the
                  | Orb.
     0 | D:1      | Reached XP level 1. HP: 13/13 MP: 1/1
    97 | D:1      | Reached XP level 2. HP: 18/18 MP: 2/2
   159 | D:1      | Found a faded altar of an unknown god.
   752 | D:1      | Reached XP level 3. HP: 21/23 MP: 3/3
  1158 | D:2      | Reached XP level 4. HP: 21/29 MP: 4/4
  1944 | D:3      | Found a blossoming altar of Fedhas.
  1966 | D:3      | Reached skill level 4 in Shapeshifting
  1966 | D:3      | Reached XP level 5. HP: 20/34 MP: 5/5
  2104 | D:3      | Noticed an ogre
  2105 | D:3      | Noticed Flugslaktarn's ghost (amateur MiFi)
  2106 | D:3      | Found a transporter.
  2107 | D:3      | Noticed an ogre
  2107 | D:3      | Noticed an ogre
  2278 | D:3      | Noticed Jessica
  2289 | D:3      | Killed Jessica
  2290 | D:3      | Reached XP level 6. HP: 17/41 MP: 6/6
  2695 | D:4      | Noticed a black bear
  2701 | D:4      | Killed a black bear
  2816 | D:4      | Found a shimmering blue altar of Sif Muna.
  2909 | D:4      | Found a sparkling altar of Nemelex Xobeh.
  3459 | D:4      | Found a runed translucent door.
  3460 | D:4      | Noticed Crazy Yiuf
  3650 | D:5      | Entered Level 5 of the Dungeon
  3660 | D:5      | Noticed a black bear
  3676 | D:5      | Reached skill level 5 in Shapeshifting
  3676 | D:5      | Reached XP level 7. HP: 44/46 MP: 7/7
  3857 | D:5      | Found a runed translucent gate.
  3857 | D:5      | Found a runed translucent gate.
  3857 | D:5      | Found a runed translucent gate.
  3857 | D:5      | Noticed Gonzollydolly's ghost (amateur KoNe)
  3859 | D:5      | Found a basalt altar of Yredelemnul.
  3869 | D:5      | HP: 3/69 [ice beast (3)]
  3869 | D:5      | Slain by an ice beast

Illustrated notes

Levels and vault maps discovered:
D:1:      dpeg_arrival_rooms_a, layout_basic,
          shapermc_ecumenical_altar_flowoftime
D:2:      cheibrodos_pilgrimage, layout_basic
D:3:      layout_rooms, lemuel_doored_altar, gammafunk_ghost_smash, st_stairs_1,
          minmay_circle_x, uniq_jessica
D:4:      layout_loops_ring, general_overflow_altar,
          mainiacjoe_overflow_cross_hatched, uniq_crazy_yiuf_cottage
D:5:      layout_loops_ring, xom_confusion_cloud,
          nicolae_yredelemnul_ghost_church, minmay_crossroads, uniq_eustachio

Skill      XL: |  1  2  3  4  5  6 |
---------------+-------------------+-----
Fighting       | 2 3 |  3.5
Shapeshifting  | 4 5 |  5.3
Dodging        | 3 |  3.9
Unarmed Combat | 4 |  4.5

Action                     |  1- 3 |  4- 6 |  7- 9 || total
---------------------------+-------+-------+-------++-------
  Melee: Unarmed           |    41 |   132 |    19 ||   192
         Tentacles         |    11 |    29 |     5 ||    45
         Constrict         |    11 |    38 |     2 ||    51
         Punch             |     2 |     3 |       ||     5
    Use: Potion            |       |       |     1 ||     1
   Stab: Sleeping          |     9 |     5 |     1 ||    15
 Armour: Skin              |    10 |    67 |     9 ||    86
  Dodge: Dodged            |    15 |    86 |    11 ||   112

Table legend: (Time is in decaauts)
 A = Elapsed time spent in this place.
 B = Non-inter-level travel time spent in this place.
 C = Inter-level travel time spent in this place.
 D = Time resting spent in this place.
 E = Time spent auto-exploring this place.
 F = Levels seen in this place.
 G = Mean time per level.
                   A        B        C        D        E       F      G
               +--------+--------+--------+--------+--------+-----+--------+
         Total |   3855 |   3728 |    127 |      0 |   3240 |   5 |  771.0 |
       Dungeon |   3855 |   3728 |    127 |      0 |   3240 |   5 |  771.0 |
               +--------+--------+--------+--------+--------+-----+--------+

Top non-repeatable levels by time:
     D:1: 1113 daAuts
     D:4: 992 daAuts
     D:2: 825 daAuts
     D:3: 707 daAuts
     D:5: 216 daAuts
